 Dungeon Crawl Stone Soup version 0.30-a0-371-gad7725a93e (webtiles) character file.

Game seed: 10482935162275551629

312 hikkokomori the Digger (level 6, -5/36 HPs)
             Began as an Octopode Earth Elementalist on Nov 23, 2022.
             Was an Initiate of Gozag.
             Slain by a mummy (18 damage)
             ... in an ossuary.
             The game lasted 00:02:56 (2088 turns).

hikkokomori the Digger (OpEE)                       Turns: 2088, Time: 00:02:56

Health: -5/36      AC:  1    Str:  7    XL:     6   Next: 42%
Magic:  13/21      EV: 13    Int: 20    God:    Gozag
Gold:   353        SH:  0    Dex: 12    Spells: 12/13 levels left

rFire   . . .      SeeInvis .    (no weapon)
rCold   . . .      Faith    .    (no shield)
rNeg    . . .      Spirit   .    (helmet restricted)
rPois   .          Reflect  .    (no amulet)
rElec   .          Harm     .    e - ring of magical power
rCorr   .          Rampage  .    (no ring)
Will    .....                    (no ring)
Stlth   +++.......               (no ring)
HPRegen 0.26/turn                (no ring)
MPRegen 0.17/turn                (no ring)
                                 (no ring)
                                 (no ring)

@: no status effects
A: almost no armour, amphibious, 8 rings, camouflage 1, gelatinous body 1,
(nimble swimmer 1), tentacles
a: Renounce Religion, Potion Petition, Call Merchant, Bribe Branch


You were in an ossuary.
You worshipped Gozag.
Gozag was aware of your devotion.
You visited 1 branch of the dungeon, and saw 3 of its levels.
You also visited: Ossuary.

You collected 374 gold pieces.
You paid 21 gold pieces to Gozag.

Inventory:

Jewellery
 e - a ring of magical power (left tentacle)
 i - a ring of see invisible
Scrolls
 d - a scroll of blinking
 f - 2 scrolls of vulnerability
 h - 2 scrolls of immolation
 l - a scroll of teleportation
Potions
 a - a potion of magic
 c - 2 potions of heal wounds {unknown}
 g - a potion of lignification {unknown}
 j - a potion of curing {unknown}


   Skills:
 - Level 2.0 Dodging
 - Level 2.6 Stealth
 + Level 4.4 Spellcasting
 - Level 1.0 Transmutations
 + Level 5.3 Earth Magic


You had 12 spell levels left.
You knew the following spells:

 Your Spells              Type           Power      Damage    Failure   Level
a - Sandblast             Erth           50%        2d12      1%          1

Your spell library contained the following spells:

 Spells                   Type           Power      Damage    Failure   Level
 Passwall                 Tmut/Erth      14%        N/A       4%          2
 Summon Small Mammal      Summ           16%        N/A       12%         1
 Stone Arrow              Conj/Erth      30%        3d8       12%         3
 Petrify                  Tmut/Erth      17%        N/A       32%         4
 Call Canine Familiar     Summ           4%         N/A       36%         3
 Summon Guardian Golem    Hex/Summ       4%         N/A       36%         3
 Borgnjor's Vile Clutch   Necr/Erth      7%         N/A       75%         5
 Alistair's Intoxication  Tmut/Pois      4%         N/A       95%         5
 Eringya's Noxious Bog    Tmut/Pois      3%         N/A       100%        6


Dungeon Overview and Level Annotations

Branches:
Dungeon (4/15)            Ossuary (1/1)
 Temple: D:4-7

Altars:
Gozag


Innate Abilities, Weirdness & Mutations

You cannot wear most types of armour.
You are amphibious.
You can wear up to eight rings at the same time.
Your skin changes colour to match your surroundings (Stealth+).
Your rubbery body absorbs attacks. (AC +1, EV +1)
((You are camouflaged when in or above water. (Stealth+)))
You have tentacles for arms and can constrict up to eight enemies at once.


Message History

You open the door.
There is an open door here.
You open the door. 5 mummies come into view.
The mummy moves out of view.
Found eight items.
Found a gate leading back out of this place.
There are monsters nearby!
There are monsters nearby!
Found eight items.
There is an open door here.
The blast of sand hits the mummy.
The mummy is moderately damaged.
The blast of sand hits the mummy!
The mummy is severely damaged.
The blast of sand hits the mummy!
You destroy the mummy!
The blast of sand hits the mummy!
The mummy is severely damaged.
The blast of sand hits the mummy!
You destroy the mummy!
The blast of sand hits the mummy!
The mummy is heavily damaged.
The mummy hits you! The mummy barely misses you.
The blast of sand hits the mummy!
You destroy the mummy!
The mummy is distracted by your dazzling golden aura.
The blast of sand hits the mummy!
The mummy is severely damaged.
The mummy closely misses you.
The blast of sand hits the mummy but does no damage.
The mummy is severely damaged.
The mummy is no longer distracted by gold.
The mummy misses you. The mummy barely misses you.
The blast of sand hits the mummy.
The mummy is almost destroyed.
The mummy hits you! The mummy hits you!!
Ouch! That really hurt!
You die...
Your body crumbles into a pile of gold.

'.#....# #....'.#..#
#.'....# ..??!...#....#.#..#
#.#....# .!!$!!..#....#.'..#
######## .!$∩$!..########..#
'.#....# .!!$?!..#....#.#..#
#.'....# ..!!!...#....'.#..#
#.#....# .......$#....#.'..#
###....# ......MM#....###..#
'.###### ####@######.#..#
#.# #....#....#.#..# #.#
#....#....'.'..# ###
#....#....###..# '.#
#....#....#.#..# #.###
###'#######.#..# #...#
#...#...#...#..#
#####+###+###'###'###'###..#
...........................#


You could see 2 mummies.

Vanquished Creatures
  A phantom (D:4)
  2 centaur zombies (Ossuary)
  2 ogre zombies (Ossuary)
  5 mummies (Ossuary)
  2 adders (D:2)
  2 adder zombies (Ossuary)
  2 worms (D:2)
  3 ball pythons (D:1)
  An endoplasm (D:1)
  2 giant cockroaches
  4 goblins
  3 hobgoblins (D:1)
  3 quokkas
  4 bats
  A frilled lizard (D:2)
  2 gnoll zombies (Ossuary)
  A goblin zombie (Ossuary)
  5 hobgoblin zombies (Ossuary)
  A kobold (D:4)
  A kobold zombie (Ossuary)
  5 quokka zombies (Ossuary)
  4 rats
  5 rat zombies (Ossuary)
61 creatures vanquished.

Notes
Turn   | Place    | Note
-------+----------+-------------------------------------------
     0 | D:1      | hikkokomori the Octopode Earth Elementalist began the quest
                  | for the Orb.
     0 | D:1      | Reached XP level 1. HP: 11/11 MP: 3/3
   360 | D:1      | Reached XP level 2. HP: 17/17 MP: 5/5
   954 | D:2      | Found an opulent altar of Gozag.
   965 | D:2      | Became a worshipper of Gozag Ym Sagoz the Greedy
  1040 | D:2      | Reached XP level 3. HP: 16/21 MP: 7/7
  1259 | D:2      | Identified the +4 ring mail of Carved Beauty {Harm rElec
                  | rN++ Int-5}
  1425 | D:2      | You fall into a shaft and drop 2 floors!
  1443 | D:4      | Noticed a phantom
  1453 | D:4      | Killed a phantom
  1454 | D:4      | Reached skill level 4 in Earth Magic
  1454 | D:4      | Reached XP level 4. HP: 23/27 MP: 9/9
  1454 | D:4      | Reached XP level 5. HP: 27/31 MP: 10/10
  1469 | D:4      | Found a sand-covered staircase.
  1502 | Ossuary  | Entered an ossuary
  1787 | Ossuary  | Reached skill level 5 in Earth Magic
  1787 | Ossuary  | Reached XP level 6. HP: 32/36 MP: 12/12
  2088 | Ossuary  | Slain by a mummy

Illustrated notes

Levels and vault maps discovered:
D:1:      minmay_arrival_wavy_path, layout_basic
D:2:      layout_basic, basic_altar
D:4:      layout_gridville, elyvilon_altar_3, enter_ossuary_4, minivault_14
Ossuary:  ossuary_boxes_badplayer

Skill      XL: |  1  2  3  4  5 |
---------------+----------------+-----
Spellcasting   | 3 4 |  4.4
Earth Magic    | 4 5 |  5.3
Dodging        | |  2.0
Stealth        | |  2.6
Transmutations | |  1.0

Action                   |  1- 3 |  4- 6 || total
-------------------------+-------+-------++-------
 Cast: Sandblast         |    53 |    58 ||   111
  Use: Scroll            |     6 |       ||     6
Armor: Skin              |     5 |       ||     5
Dodge: Dodged            |    37 |    21 ||    58

Table legend: (Time is in decaauts)
 A = Elapsed time spent in this place.
 B = Non-inter-level travel time spent in this place.
 C = Inter-level travel time spent in this place.
 D = Time resting spent in this place.
 E = Time spent auto-exploring this place.
 F = Levels seen in this place.
 G = Mean time per level.
                   A        B        C        D        E       F      G
               +--------+--------+--------+--------+--------+-----+--------+
         Total |   2141 |   2120 |     21 |     21 |   1747 |   4 |  535.2 |
       Dungeon |   1527 |   1506 |     21 |     21 |   1255 |   3 |  509.0 |
       Ossuary |    614 |    614 |      0 |      0 |    492 |   1 |  614.0 |
               +--------+--------+--------+--------+--------+-----+--------+

Top non-repeatable levels by time:
     D:1: 963 daAuts
 Ossuary: 614 daAuts
     D:2: 484 daAuts
     D:4: 79 daAuts
